Map: Paladino Terminal LE

Players

Seppe

  • Race: Terran Terran
  • Spawn Location: 5:00

A.I. 1 (Elite) - Winner!

  • Race: Zerg Zerg
  • Spawn Location: 9:00

VOD

Have the link to the VOD?

Description

Time

  • Played on: Jan. 24, 2017, 7:54 p.m.
  • Length: 2:46
Show
View Real Time Build Order
Export as new Build Order

Seppe Terran 

Build Orders:  

Get SALT Encoding   

  12  0:02  SCV  
  13  0:14  SCV  
  14  0:19  Supply Depot  
  14  0:26  SCV  
  15  0:41  SCV  
  15  0:42  Barracks  
  16  0:53  SCV  
  16  0:56  Barracks  
  17  1:05  SCV  
  18  1:17  SCV  
  19  1:29  Orbital Command  
  19  1:30  Marine  
  19  1:31  Supply Depot  
  20  1:43  Marine  
  21  1:48  Marine  
  22  1:56  SCV  
  22  2:01  Marine  
  23  2:05  Marine  
  25  2:13  Command Center  
  25  2:14  SCV  
  26  2:16  Supply Depot  
  26  2:20  Marine  
  27  2:23  Marine  
  27  2:26  SCV  
  29  2:42  Barracks  
Show
View Real Time Build Order
Export as new Build Order

A.I. 1 (Elite) Zerg - Winner!

Build Orders: Pool First 

Get SALT Encoding   

  12  0:00  Drone  
  13  0:12  Overlord  
  13  0:18  Drone  
  14  0:31  Drone x2  
  14  0:34  Drone  
  17  0:48  Spawning Pool  
  16  0:50  Drone  
  17  1:14  Drone, Hatchery  
  17  1:18  Extractor  
  16  1:20  Drone  
  16  1:24  Drone  
  18  1:28  Drone  
  19  1:38  Overlord  
  19  1:48  Queen  
  19  1:52  Zergling x2  
  22  2:00  Drone  
  23  2:13  Drone  
  24  2:21  Drone  
  25  2:29  Roach Warren  
Tags
 
Add a new tag
Caveats
  • Supply blocks, unpowered buildings, or Contaminate may cause inaccurate times.
  • Supply counts are checked every 10 seconds.